 Dungeon Crawl Stone Soup version 0.31.0-11-ge490571c62 (webtiles) character file.

Game seed: 11517204243327717470

286 qw the Shooter (level 6, -6/30 HPs)
             Began as a Spriggan Hunter on Feb 4, 2024.
             Was an Initiate of Okawaru.
             Mangled by a black bear (11 damage)
             ... on level 5 of the Dungeon.
             The game lasted 00:00:13 (3225 turns).

qw the Shooter (Spriggan Hunter)                    Turns: 3225, Time: 00:00:13

Health: -6/30      AC:  5    Str:  7    XL:     6   Next: 8%
Magic:  7/7        EV: 19    Int: 10    God:    Okawaru [......]
Gold:   170        SH:  0    Dex: 21    Spells: 5/5 levels left

rFire   . . .        a - +1 shortbow
rCold   . . .        (shield currently unavailable)
rNeg    + . .        f - +2 troll leather armour
rPois   .            (helmet restricted)
rElec   .            (no cloak)
rCorr   .            (gloves unavailable)
SInv    +            (boots unavailable)
Will    +....        (no amulet)
Stlth   ++           m - ring of positive energy
HPRegen 1.05/turn    (no ring)
MPRegen 0.10/turn

%: no passive effects
@: brilliant, about to teleport, very quick
A: very small, no large weapons, unfitting armour, see invisible, speed 3
a: Renounce Religion


You were on level 5 of the Dungeon.
You worshipped Okawaru.
Okawaru was noncommittal.
You visited 1 branch of the dungeon, and saw 5 of its levels.

You collected 170 gold pieces.


Innate Abilities, Weirdness & Mutations

You are very small and have problems with some larger weapons.
You are too small for most types of armour.
You have supernaturally acute eyesight. (SInv)
You cover ground extremely quickly. (Speed+++)


   Skills:
 - Level 2.0 Fighting
 - Level 6.2 Ranged Weapons
 + Level 5.3 Dodging
 - Level 1.5 Stealth


You had 5 spell levels left.
You didn't know any spells.
Your spell library was empty.

Inventory:

Hand Weapons
 a - a +1 shortbow (weapon)
Armour
 f - a +2 troll leather armour (worn)
Jewellery
 b - a ring of fire
 m - a ring of positive energy (left hand)
Wands
 d - a wand of iceblast (3)
 h - a wand of flame (23)
Scrolls
 g - 3 scrolls of teleportation
Potions
 c - a potion of might
 e - a potion of curing
 k - 2 potions of mutation

Dungeon Overview and Level Annotations

Branches:
Dungeon (5/15)
 Temple: D:4-7

Altars:
Dithmenos
Elyvilon
Okawaru
Wu Jian

Shops:
D:2 =   D:4 :


Message History

You shoot an arrow. The arrow barely misses the black bear.
The black bear bites you but does no damage.
The black bear completely misses you. The black bear closely misses you.
You shoot an arrow. The arrow hits the black bear.
The black bear is almost dead.
The black bear goes berserk!
You shoot an arrow. The arrow hits the black bear.
The black bear is almost dead.
The black bear closely misses you. The black bear misses you.
The black bear closely misses you. The black bear completely misses you.
The black bear closely misses you.
The black bear claws you but does no damage.
You shoot an arrow. The arrow barely misses the black bear.
The black bear completely misses you. The black bear barely misses you.
The black bear completely misses you. The black bear misses you. x2
The black bear closely misses you.
You shoot an arrow. The arrow hits the black bear.
The black bear is almost dead.
The black bear misses you.
The black bear claws you but does no damage. x2
You shoot an arrow.
The arrow hits the black bear but does no damage.
The black bear is almost dead.
The black bear barely misses you. The black bear closely misses you.
The black bear claws you but does no damage.
The black bear bites you but does no damage.
The black bear barely misses you. The black bear completely misses you.
You shoot an arrow. The arrow barely misses the black bear.
The black bear bites you but does no damage.
The black bear barely misses you. The black bear claws you.
The black bear bites you! The black bear claws you. The black bear misses you.
You shoot an arrow. The arrow hits the black bear.
The black bear is almost dead.
The black bear bites you! The black bear closely misses you.
The black bear misses you.
3225 ||| READING 4 scrolls of teleportation.
As you read the scroll of teleportation, it crumbles to dust.
You feel strangely unstable. The black bear bites you!
You die...

#..#..<.....#####
#..######........
........#........
..<.....'........
........#........
........#........
.########'#...[....
..............#####
......h@......#
..............#
..............#
........###+##..
........# ...
........# ..
######+##


You could see a black bear (berserk).

Vanquished Creatures
  A phantom (D:4)
  2 orc priests (D:3)
  A sleepcap (D:4)
  Robin (D:2)
  4 adders
  3 dart slugs
  2 ribbon worms
  7 orcs
  8 endoplasms
  A giant cockroach (D:1)
  12 goblins
  10 hobgoblins
  5 jackals
  3 ball pythons
  A bat (D:2)
  A kobold (D:4)
  2 rats
64 creatures vanquished.

Notes
Turn   | Place    | Note
-------+----------+-------------------------------------------
     0 | D:1      | qw the Spriggan Hunter began the quest for the Orb.
     0 | D:1      | Reached XP level 1. HP: 10/10 MP: 2/2
     0 | D:1      | 0 ||| qw: Version: 0.3-a-160-g6735b56
     0 | D:1      | 0 ||| qw: Game counter: 5380
     0 | D:1      | 0 ||| qw: Melee chars always use a shield: true
     0 | D:1      | 0 ||| qw: God list: Okawaru
     0 | D:1      | 0 ||| qw: Allow faded altars: false
     0 | D:1      | 0 ||| qw: Do Orc after clearing Dungeon:15 true
     0 | D:1      | 0 ||| qw: Do second Lair branch before Depths: true
     0 | D:1      | 0 ||| qw: Lair rune preference: random
     0 | D:1      | 0 ||| qw: Goals: Normal
     0 | D:1      | 0 ||| PLANNING D:1-11
   117 | D:1      | Reached skill level 3 in Dodging
   255 | D:1      | Reached XP level 2. HP: 14/14 MP: 3/3
   572 | D:1      | You fall into a shaft and drop 1 floor!
   572 | D:2      | Found a faded altar of an unknown god.
   635 | D:2      | Noticed Robin
   647 | D:2      | Killed Robin
   648 | D:2      | Reached XP level 3. HP: 10/18 MP: 4/4
   679 | D:2      | 679 ||| UPGRADING to +0 troll leather armour.
   689 | D:2      | 689 ||| DROPPING +0 robe.
   690 | D:2      | 690 ||| READING scroll labelled JEHEIM DUUDECW.
   693 | D:2      | 693 ||| DROPPING scroll of butterflies.
   694 | D:2      | 694 ||| Stepping randomly (stuck).
   695 | D:2      | 695 ||| Stepping randomly (stuck).
   696 | D:2      | 696 ||| Stepping randomly (stuck).
   697 | D:2      | 697 ||| Stepping randomly (stuck).
   817 | D:2      | Found Nuoske's Jewellery Emporium.
   821 | D:2      | 821 ||| SHOPLISTING +5 ring of evasion (504 gold, have 80).
   821 | D:2      | 821 ||| SHOPLISTING +6 ring of strength (504 gold, have
                  | 80).
   821 | D:2      | 821 ||| SHOPLISTING amulet of guardian spirit (420 gold,
                  | have 80).
   821 | D:2      | 821 ||| SHOPLISTING amulet of regeneration (420 gold, have
                  | 80).
   821 | D:2      | 821 ||| SHOPLISTING ring of protection from fire (350 gold,
                  | have 80).
   821 | D:2      | 821 ||| SHOPLISTING ring of resist corrosion (280 gold,
                  | have 80).
   901 | D:2      | Reached skill level 5 in Ranged Weapons
  1029 | D:2      | Reached XP level 4. HP: 22/22 MP: 5/5
  1129 | D:2      | 1129 ||| DROPPING amulet of magic regeneration.
  1130 | D:2      | 1130 ||| READING 3 scrolls labelled WEGARI QEF GETH.
  1130 | D:2      | 1130 ||| IDENTIFYING bubbling blue potion
  1131 | D:2      | 1131 ||| READING 2 scrolls of identify.
  1131 | D:2      | 1131 ||| IDENTIFYING coppery potion
  1132 | D:2      | 1132 ||| READING scroll of identify.
  1132 | D:2      | 1132 ||| IDENTIFYING metallic purple potion
  1133 | D:2      | 1133 ||| READING 2 scrolls labelled DATHRE GATHELLE.
  1133 | D:2      | 1133 ||| ENCHANTING +0 troll leather armour.
  1134 | D:2      | 1134 ||| READING scroll of enchant armour.
  1134 | D:2      | 1134 ||| ENCHANTING +1 troll leather armour.
  1135 | D:2      | 1135 ||| DROPPING potion of ambrosia.
  1598 | D:1      | 1598 ||| READING scroll labelled VETIGG LAUTU.
  1598 | D:1      | 1598 ||| ENCHANTING +0 shortbow.
  1785 | D:2      | 1785 ||| READING scroll of identify.
  1785 | D:2      | 1785 ||| IDENTIFYING scroll labelled OSMAOD GA RID
  1786 | D:2      | 1786 ||| DROPPING scroll of revelation.
  1954 | D:3      | Found an iron altar of Okawaru.
  1955 | D:3      | 1955 ||| PLANNING OKAWARU WORSHIP
  1962 | D:3      | Became a worshipper of Warmaster Okawaru
  1963 | D:3      | 1963 ||| PLANNING D:1-11
  2037 | D:3      | Reached XP level 5. HP: 12/26 MP: 6/6
  2342 | D:3      | Found an ornate altar of the Wu Jian Council.
  2342 | D:3      | Found a white marble altar of Elyvilon.
  2419 | D:3      | 2419 ||| READING 2 scrolls of identify.
  2419 | D:3      | 2419 ||| IDENTIFYING orange potion
  2457 | D:4      | Found Xiviruut's Book Shop.
  2665 | D:4      | Noticed a phantom
  2666 | D:4      | 2666 ||| DRINKING potion of haste.
  2678 | D:4      | Killed a phantom
  2679 | D:4      | Reached skill level 6 in Ranged Weapons
  2679 | D:4      | Reached XP level 6. HP: 30/30 MP: 7/7
  2807 | D:4      | Found a shadowy altar of Dithmenos.
  2931 | D:4      | HP: 7/30 [iguana (6)]
  2932 | D:4      | 2932 ||| READING 5 scrolls of teleportation.
  3089 | D:4      | 3089 ||| UPGRADING to ring of positive energy.
  3090 | D:4      | 3090 ||| READING scroll of identify.
  3090 | D:4      | 3090 ||| IDENTIFYING 2 murky emerald potions
  3091 | D:4      | 3091 ||| READING scroll labelled RADGHE ES ENU.
  3192 | D:4      | 3192 ||| DRINKING 2 pink potions.
  3193 | D:4      | 3193 ||| DROPPING potion of brilliance.
  3196 | D:5      | Entered Level 5 of the Dungeon
  3224 | D:5      | HP: 4/30 [black bear (11)]
  3225 | D:5      | 3225 ||| READING 4 scrolls of teleportation.
  3225 | D:5      | Mangled by a black bear

Levels and vault maps discovered:
D:1:      sevenhm_arrival_forest_fort_large_2, layout_basic
D:2:      layout_basic, hellmonk_ecumenical_altar_crossroads, serial_shops,
          nicolae_shop_back_alley_shop, uniq_robin
D:3:      layout_loops_ring, gammafunk_temple_overflow_elements,
          mainiacjoe_overflow_alcove_1
D:4:      layout_basic, grunt_dithmenos_smoke, serial_curves, eino_curves_01,
          eino_curves_02, serial_shops, shop
D:5:      layout_gridville, marbit_many_paths, uniq_edmund, uniq_eustachio,
          uniq_menkaure

Skill      XL: |  1  2  3  4  5 |
---------------+----------------+-----
Dodging        | 3 4 5 |  5.3
Ranged Weapons | 5 6 |  6.2
Fighting       | 2 |  2.0
Stealth        | |  1.5

Action                     |  1- 3 |  4- 6 || total
---------------------------+-------+-------++-------
   Fire: Shortbow          |    68 |   138 ||   206
    Use: Scroll            |     1 |    12 ||    13
         Potion            |       |     2 ||     2
 Armour: Robe              |     4 |       ||     4
         Troll leather arm |     1 |    22 ||    23
  Dodge: Dodged            |    10 |    47 ||    57

Table legend:
 A = Non-vault XP
 B = Vault XP
 C = Vault XP percentage of total XP
 D = Non-vault monster count
 E = Vault monster count
 F = Vault count percentage of total count
                 A         B        C        D         E       F
            +---------+---------+-------+---------+---------+-------
      Total |     372 |      37 |   9.0 |      51 |      13 |  20.3
            +---------+---------+-------+---------+---------+-------
        D:1 |      24 |       0 |   0.0 |      12 |       0 |   0.0
        D:2 |      51 |      37 |  42.0 |      13 |      13 |  50.0
        D:3 |      95 |       0 |   0.0 |       8 |       0 |   0.0
        D:4 |     202 |       0 |   0.0 |      18 |       0 |   0.0
            +---------+---------+-------+---------+---------+-------
